PL
LOUISVILLE BC @ FT. WORTH CATTLEMEN
06/19/2022
 
TOP OF THE 1ST
Louisville BC batting - Pitching for Ft. Worth Cattlemen : LHP Paul Díaz
Pitching: LHP Paul Díaz
Batting: RHB Chi-ju Zhang 0-0: Ball
1-0: Foul Ball, location: 2F
1-1: SINGLE (Line Drive, 8RS)
Batting: RHB Keith Best 0-0: Ball
1-0: Fly out, F8 (Flyball, 8LXD)
Runner from 1st tags up, SAFE at 2nd
Batting: RHB Andrés Rodríguez 0-0: Called Strike
0-1: Foul Ball, location: 2F
0-2: Ball
1-2: SINGLE (Groundball, 23) (infield hit)
Chi-ju Zhang to third
Batting: LHB Tim Hargrove 0-0: Ball
1-0: Fly out, F7 (Flyball, 7M)
Runner from 3rd tags up, SCORES, throw made
Batting: SHB Jared Jefferson 0-0: Called Strike
0-1: Foul Ball, location: 2F
0-2: Ball
1-2: Ball
2-2: Strikes out swinging
Top of the 1st over - 1 run(s), 2 hit(s), 0 error(s), 1 left on base; Louisville 1 - Ft. Worth 0
BOTTOM OF THE 1ST
Ft. Worth Cattlemen batting - Pitching for Louisville BC : RHP John Wilkins
Pitching: RHP John Wilkins
Batting: SHB Robby Day 0-0: Called Strike
0-1: Ball
1-1: Foul Ball, location: 2F
1-2: Foul Ball, location: 2F
1-2: SINGLE (Flyball, 78S)
Batting: RHB Alan Elder 0-0: Swinging Strike
0-1: Foul Ball, location: 2F
0-2: Ball
1-2: Ball
2-2: Ball
3-2: SINGLE (Line Drive, 6D)
Robby Day to second
Batting: RHB Bart Lewis 0-0: Ball
1-0: Swinging Strike
1-1: 3-RUN HOME RUN (Flyball, 7D), Distance : 387 ft
Batting: LHB Ryan Westlake 0-0: Ground out 6-3 (Groundball, 6)
Batting: RHB Joey Morgan 0-0: Swinging Strike
0-1: DOUBLE (Flyball, 78XD)
Batting: LHB Pat McJannett 0-0: Ball
1-0: Called Strike
1-1: Foul Ball, location: 2F
1-2: Ball
2-2: Fly out, F1 (Line Drive, 13)
Batting: LHB Toyokazu Asano 0-0: Ball
1-0: Called Strike
1-1: DOUBLE (Line Drive, 4)
Joey Morgan scores
Batting: LHB Bill Burgess 0-0: Fly out, F6 (Popup, 6)
Bottom of the 1st over - 4 run(s), 5 hit(s), 0 error(s), 1 left on base; Louisville 1 - Ft. Worth 4
TOP OF THE 2ND
Louisville BC batting - Pitching for Ft. Worth Cattlemen : LHP Paul Díaz
Batting: RHB Luis Mendoza 0-0: Fly out, F7 (Flyball, 78M)
Batting: LHB Gregory Johnson 0-0: Called Strike
0-1: Foul Ball, location: 2F
0-2: Foul Ball, location: 2F
0-2: Ball
1-2: Ball
2-2: Foul Ball, location: 2F
2-2: Strikes out swinging
Batting: RHB Kyle Bridges 0-0: Ball
1-0: Ball
2-0: Ball
3-0: Base on Balls
Batting: RHB Cliff May 0-0: Called Strike
0-1: Ball
1-1: Foul Ball, location: 2F
1-2: Ball
2-2: Fielders Choice at 2nd, 6-4 (Groundball, 6)
Top of the 2nd over - 0 run(s), 0 hit(s), 0 error(s), 0 left on base; Louisville 1 - Ft. Worth 4
BOTTOM OF THE 2ND
Ft. Worth Cattlemen batting - Pitching for Louisville BC : RHP John Wilkins
Batting: RHB Jack Weber 0-0: Fly out, F7 (Flyball, 7D)
Batting: SHB Robby Day 0-0: Swinging Strike
0-1: Swinging Strike
0-2: Fly out, F6 (Popup, 6)
Batting: RHB Alan Elder 0-0: Called Strike
0-1: Ball
1-1: Ball
2-1: Foul Ball, location: 2F
2-2: Ball
3-2: Foul Ball, location: 2F
3-2: Ground out 5-3 (Groundball, 56)
Bottom of the 2nd over - 0 run(s), 0 hit(s), 0 error(s), 0 left on base; Louisville 1 - Ft. Worth 4
TOP OF THE 3RD
Louisville BC batting - Pitching for Ft. Worth Cattlemen : LHP Paul Díaz
Batting: RHB Chi-ju Zhang 0-0: Ball
1-0: Ball
2-0: Ball
3-0: Called Strike
3-1: Called Strike
3-2: Fly out, F6 (Line Drive, 6D)
Batting: RHB Keith Best 0-0: Called Strike
0-1: Ball
1-1: Ball
2-1: Ball
3-1: Foul Ball, location: 2F
3-2: Foul Ball, location: 2F
3-2: Foul Ball, location: 2F
3-2: Base on Balls
Batting: RHB Andrés Rodríguez 0-0: Called Strike
0-1: SINGLE (Groundball, 4)
Keith Best to second
Runner from 2nd tries for 3rd, SAFE, throw made to third
Andrés Rodríguez to second
Batting: LHB Tim Hargrove 0-0: Foul Ball, location: 2F
0-1: Called Strike
0-2: Ball
1-2: SINGLE (Line Drive, 89S)
Keith Best scores
Andrés Rodríguez to third
Runner from 3rd tries for Home, SAFE, no throw or cutoff
Batting: SHB Jared Jefferson 0-0: Called Strike
0-1: Ball
1-1: Ball
2-1: Fly out, F8 (Flyball, 8LXD)
Batting: RHB Luis Mendoza 0-0: Ball
1-0: Fielders Choice at 2nd, U6 (Groundball, 6M)
Top of the 3rd over - 2 run(s), 2 hit(s), 0 error(s), 1 left on base; Louisville 3 - Ft. Worth 4
BOTTOM OF THE 3RD
Ft. Worth Cattlemen batting - Pitching for Louisville BC : RHP John Wilkins
Batting: RHB Bart Lewis 0-0: Ball
1-0: Ball
2-0: Ball
3-0: Called Strike
3-1: Foul Ball, location: 2F
3-2: Base on Balls
Batting: LHB Ryan Westlake 0-0: Ball
1-0: Ball
2-0: Fly out, F6 (Popup, 6MD)
Batting: RHB Joey Morgan 0-0: Fly out, F8 (Line Drive, 8RM)
Batting: LHB Pat McJannett 0-0: Ball
1-0: Ball
2-0: Foul Ball, location: 2F
2-1: Ball
3-1: Swinging Strike
3-2: Base on Balls
Bart Lewis to second
Batting: LHB Toyokazu Asano 0-0: Swinging Strike
0-1: Ball
1-1: Foul Ball, location: 2F
1-2: Strikes out swinging
Bottom of the 3rd over - 0 run(s), 0 hit(s), 0 error(s), 2 left on base; Louisville 3 - Ft. Worth 4
TOP OF THE 4TH
Louisville BC batting - Pitching for Ft. Worth Cattlemen : LHP Paul Díaz
Batting: LHB Gregory Johnson 0-0: Ball
1-0: SINGLE (Groundball, 4MD)
Batting: RHB Kyle Bridges 0-0: Called Strike
0-1: Swinging Strike
0-2: Ball
1-2: Ball
2-2: Foul Ball, location: 2F
2-2: Strikes out swinging
Batting: RHB Cliff May 0-0: Ball
1-0: Ball
2-0: Ball
3-0: Called Strike
3-1: Base on Balls
Gregory Johnson to second
Batting: RHB Chi-ju Zhang 0-0: Foul Ball, location: 2F
0-1: Fielders Choice at 2nd, 6-4 (Groundball, 6M)
Gregory Johnson to third
Batting: RHB Keith Best 0-0: Ball
1-0: Ball
2-0: Called Strike
2-1: Ball
3-1: Fly out, F8 (Flyball, 8LM)
Top of the 4th over - 0 run(s), 1 hit(s), 0 error(s), 2 left on base; Louisville 3 - Ft. Worth 4
BOTTOM OF THE 4TH
Ft. Worth Cattlemen batting - Pitching for Louisville BC : RHP John Wilkins
Batting: LHB Bill Burgess 0-0: Called Strike
0-1: Ground out U3 (Groundball, 3)
Batting: RHB Jack Weber 0-0: Fly out, F3 (Popup, 4S)
Batting: SHB Robby Day 0-0: Ball
1-0: Called Strike
1-1: Swinging Strike
1-2: Ball
2-2: Foul Ball, location: 2F
2-2: Strikes out swinging
Bottom of the 4th over - 0 run(s), 0 hit(s), 0 error(s), 0 left on base; Louisville 3 - Ft. Worth 4
TOP OF THE 5TH
Louisville BC batting - Pitching for Ft. Worth Cattlemen : LHP Paul Díaz
Batting: RHB Andrés Rodríguez 0-0: Called Strike
0-1: Ground out 6-3 (Groundball, 6)
Batting: LHB Tim Hargrove 0-0: Called Strike
0-1: Ground out U3 (Groundball, 3)
Batting: SHB Jared Jefferson 0-0: Ball
1-0: Ground out 1-3 (Groundball, 15S)
Top of the 5th over - 0 run(s), 0 hit(s), 0 error(s), 0 left on base; Louisville 3 - Ft. Worth 4
BOTTOM OF THE 5TH
Ft. Worth Cattlemen batting - Pitching for Louisville BC : RHP John Wilkins
Batting: RHB Alan Elder 0-0: Called Strike
0-1: Ball
1-1: Foul Ball, location: 2F
1-2: Ball
2-2: Ground out 5-3 (Groundball, 5)
Batting: RHB Bart Lewis 0-0: Foul Ball, location: 2F
0-1: Ball
1-1: Ball
2-1: Foul Ball, location: 2F
2-2: Foul Ball, location: 2F
2-2: SINGLE (Line Drive, 8LS)
Batting: LHB Ryan Westlake 0-0: Called Strike
0-1: Ball
1-1: Called Strike
1-2: Ball
2-2: Foul Ball, location: 2F
2-2: Strikes out looking
Pitching: RHP Joe Crown
Batting: RHB Joey Morgan 0-0: Ball
1-0: SINGLE (Groundball, 6MD)
Bart Lewis to second
Runner from 2nd tries for 3rd, SAFE, no throw or cutoff
Batting: LHB Pat McJannett 0-0: Swinging Strike
0-1: Ball
1-1: Ball
2-1: Ground out 5-3 (Groundball, 56)
Bottom of the 5th over - 0 run(s), 2 hit(s), 0 error(s), 2 left on base; Louisville 3 - Ft. Worth 4
TOP OF THE 6TH
Louisville BC batting - Pitching for Ft. Worth Cattlemen : LHP Paul Díaz
Batting: RHB Luis Mendoza 0-0: Ball
1-0: Fly out, F7 (Flyball, 7LM)
Batting: LHB Gregory Johnson 0-0: Fly out, F8 (Flyball, 89M)
Batting: RHB Kyle Bridges 0-0: Ball
1-0: Ground out 4-3 (Groundball, 4M)
Top of the 6th over - 0 run(s), 0 hit(s), 0 error(s), 0 left on base; Louisville 3 - Ft. Worth 4
BOTTOM OF THE 6TH
Ft. Worth Cattlemen batting - Pitching for Louisville BC : RHP Joe Crown
Batting: LHB Toyokazu Asano 0-0: Called Strike
0-1: Ball
1-1: Foul Ball, location: 2F
1-2: Strikes out swinging
Batting: LHB Bill Burgess 0-0: Ball
1-0: SOLO HOME RUN (Line Drive, 7D), Distance : 376 ft
Batting: RHB Jack Weber 0-0: Foul Ball, location: 2F
0-1: DOUBLE (Groundball, 5L)
Batting: SHB Robby Day 0-0: Ball
1-0: Called Strike
1-1: Ball
2-1: Foul Ball, location: 2F
2-2: Strikes out swinging
Batting: RHB Alan Elder 0-0: Ball
1-0: Foul Ball, location: 2F
1-1: Foul Ball, location: 2F
1-2: Ground out 1-3 (Groundball, 23)
Bottom of the 6th over - 1 run(s), 2 hit(s), 0 error(s), 1 left on base; Louisville 3 - Ft. Worth 5
TOP OF THE 7TH
Louisville BC batting - Pitching for Ft. Worth Cattlemen : LHP Paul Díaz
Batting: RHB Cliff May 0-0: Ball
1-0: SINGLE (Groundball, 34S)
Batting: RHB Chi-ju Zhang 0-0: Ball
1-0: Ball
2-0: Ball
3-0: Called Strike
3-1: Called Strike
3-2: Fly out, F7 (Line Drive, 7S)
Batting: RHB Keith Best 0-0: Grounds into double play, 4-6-3 (Groundball, 4)
Top of the 7th over - 0 run(s), 1 hit(s), 0 error(s), 0 left on base; Louisville 3 - Ft. Worth 5
BOTTOM OF THE 7TH
Ft. Worth Cattlemen batting - Pitching for Louisville BC : RHP Joe Crown
Batting: RHB Bart Lewis 0-0: Ball
1-0: Foul Ball, location: 2F
1-1: Ball
2-1: Ball
3-1: Foul Ball, location: 2F
3-2: Foul Ball, location: 2F
3-2: SINGLE (Groundball, 6MD)
Batting: LHB Ryan Westlake 0-0: Ball
1-0: Swinging Strike
1-1: Foul Ball, location: 2F
1-2: Foul Ball, location: 2F
1-2: Foul Ball, location: 2F
1-2: Foul Ball, location: 2F
1-2: Foul Ball, location: 2F
1-2: Ball
2-2: DOUBLE (Flyball, 89D)
Bart Lewis to third
Batting: RHB Joey Morgan 0-0: Ball
1-0: Called Strike
1-1: Foul Ball, location: 2F
1-2: Foul Ball, location: 2F
1-2: Ground out 5-3 (Groundball, 15S)
Pitching: RHP John Cox
Batting: LHB Pat McJannett 0-0: Called Strike
0-1: Swinging Strike
0-2: Ball
1-2: Ball
2-2: Ball
3-2: Base on Balls
Batting: LHB Toyokazu Asano 0-0: Swinging Strike
0-1: Ball
1-1: Ball
2-1: Ball
3-1: Base on Balls
Bart Lewis scores
Ryan Westlake to third
Pat McJannett to second
Batting: LHB Bill Burgess 0-0: Fly out, F9 (Flyball, 89M)
Runner from 3rd tags up, SCORES, throw made
Batting: RHB Jack Weber 0-0: Ball
1-0: Swinging Strike
1-1: Called Strike
1-2: Ball
2-2: Strikes out looking
Bottom of the 7th over - 2 run(s), 2 hit(s), 0 error(s), 2 left on base; Louisville 3 - Ft. Worth 7
TOP OF THE 8TH
Louisville BC batting - Pitching for Ft. Worth Cattlemen : LHP Paul Díaz
Batting: RHB Andrés Rodríguez 0-0: Swinging Strike
0-1: Ground out 5-3 (Groundball, 56)
Batting: LHB Tim Hargrove 0-0: Foul Ball, location: 2F
0-1: Ball
1-1: Ball
2-1: Foul Ball, location: 2F
2-2: Foul Ball, location: 2F
2-2: SINGLE (Line Drive, 7S)
Pitching: RHP Francisco López
Batting: SHB Jared Jefferson 0-0: Ball
1-0: Foul Ball, location: 2F
1-1: Called Strike
1-2: Ball
2-2: Foul Ball, location: 2F
2-2: Strikes out swinging
Batting: RHB Luis Mendoza 0-0: Ball
1-0: Foul Ball, location: 2F
Balk!
Tim Hargrove to second
1-1: Swinging Strike
1-2: Foul Ball, location: 2F
1-2: Ball
2-2: Fly out, F9 (Flyball, 9S)
Top of the 8th over - 0 run(s), 1 hit(s), 0 error(s), 1 left on base; Louisville 3 - Ft. Worth 7
BOTTOM OF THE 8TH
Ft. Worth Cattlemen batting - Pitching for Louisville BC : RHP John Cox
Batting: SHB Robby Day 0-0: Ball
1-0: Called Strike
1-1: Swinging Strike
1-2: Strikes out swinging
Batting: RHB Alan Elder 0-0: Ball
1-0: Ground out 4-3 (Groundball, 34)
Batting: RHB Bart Lewis 0-0: Swinging Strike
0-1: Foul Ball, location: 2F
0-2: Ball
1-2: Ball
2-2: SOLO HOME RUN (Line Drive, 7LD), Distance : 355 ft
Batting: LHB Ryan Westlake 0-0: Fly out, F5 (Popup, 56)
Bottom of the 8th over - 1 run(s), 1 hit(s), 0 error(s), 0 left on base; Louisville 3 - Ft. Worth 8
TOP OF THE 9TH
Louisville BC batting - Pitching for Ft. Worth Cattlemen : RHP Francisco López
Now at 1B: Orlando Trevino
Now at 3B: Mike Blue
Batting: LHB Gregory Johnson 0-0: SINGLE (Groundball, 34)
Batting: RHB Kyle Bridges 0-0: Ball
1-0: Ball
2-0: Called Strike
2-1: Called Strike
2-2: Strikes out swinging
Batting: RHB Cliff May 0-0: Swinging Strike
0-1: Ball
1-1: Swinging Strike
1-2: Strikes out looking
Batting: RHB Chi-ju Zhang 0-0: TRIPLE (Flyball, 89M)
Gregory Johnson scores
Batting: RHB Keith Best 0-0: Ball
1-0: Swinging Strike
1-1: Called Strike
1-2: Strikes out swinging
Top of the 9th over - 1 run(s), 2 hit(s), 0 error(s), 1 left on base; Louisville 4 - Ft. Worth 8
This league is powered by Out of the Park Baseball, the baseball management simulation game for PC, Mac and Linux
Friday, April 15th, 2016 - OOTP Baseball 16.9 Build 39